 Dungeon Crawl Stone Soup version 0.31.0-12-g77e489cdc1 (webtiles) character file.

Game seed: 2388403623590795947

44422 PhantomBowie the Protected (level 13, -18/122 HPs)
             Began as a Minotaur Fighter on Feb 12, 2024.
             Was a High Priest of the Shining One.
             Demolished by Rupert
             ... wielding a +2 vampiric battleaxe
              (38 damage)
             ... on level 5 of the Lair of Beasts on Feb 24, 2024.
             The game lasted 00:57:42 (18944 turns).

PhantomBowie the Protected (Minotaur Fighter)      Turns: 18944, Time: 00:57:43

Health: -18/122    AC: 20    Str: 37    XL:     13   Next: 96%
Magic:  16/16      EV: 12    Int:  5    God:    the Shining One [*****.]
Gold:   869        SH:  7    Dex: 11    Spells: 12/12 levels left

rFire   . . .        E - +1 flail (freeze)
rCold   . . .        c - +0 buckler
rNeg    + + .        Q - +0 plate armour
rPois   .            x - +1 hat
rElec   .            (no cloak)
rCorr   .            K - +0 pair of gloves
SInv    .            z - +0 pair of boots
Will    .....        (no amulet) Stlth
                     R - +6 ring of strength
HPRegen 0.40/turn    F - +6 ring of strength
MPRegen 0.15/turn

%: no passive effects
@: glowing
A: horns 2, retaliatory headbutt
a: Renounce Religion, Divine Shield, Cleansing Flame, Summon Divine Warrior


You were on level 5 of the Lair of Beasts.
You worshipped the Shining One.
The Shining One was extremely pleased with you.
You visited 3 branches of the dungeon, and saw 16 of its levels.
You also visited: Bailey.

You collected 1146 gold pieces.
You spent 277 gold pieces at shops.

Inventory:

Hand Weapons
 E - a +1 flail of freezing (weapon)
Missiles
 l - 5 atropa-tipped darts (quivered)
 t - 44 poisoned darts
 C - 2 throwing nets
 N - 10 curare-tipped darts
 P - 4 datura-tipped darts
Armour
 c - a +0 buckler (worn)
 x - a +1 hat (worn)
 z - a +0 pair of boots (worn)
 K - a +0 pair of gloves (worn)
 Q - a +0 plate armour (worn)
Jewellery
 r - a ring of willpower
 F - a +6 ring of strength (right hand)
 R - a +6 ring of strength (left hand)
Talismans
 B - a beast talisman
Wands
 k - a wand of flame (45)
 w - a wand of acid (16)
 D - a wand of mindburst (13)
Scrolls
 e - 3 scrolls of immolation
 h - 5 scrolls of fear
 i - 2 scrolls of fog {unknown}
 j - 4 scrolls of teleportation
 n - 3 scrolls of enchant weapon
 q - a scroll of brand weapon {unknown}
 s - a scroll of butterflies {unknown}
 y - 2 scrolls of poison {unknown}
 A - a scroll of enchant armour {unknown}
 H - a scroll of acquirement {unknown}
 I - 2 scrolls of amnesia
 J - 2 scrolls of noise
 L - a scroll of blinking
Potions
 a - a potion of degeneration {unknown}
 b - 2 potions of cancellation {unknown}
 d - 3 potions of might
 f - a potion of mutation {unknown}
 g - 6 potions of curing
 m - 2 potions of attraction
 o - 2 potions of berserk rage
 p - 2 potions of lignification
 u - 5 potions of brilliance
 v - 4 potions of enlightenment
 G - 5 potions of heal wounds
 O - a potion of ambrosia {unknown}
Miscellaneous
 M - a condenser vane


   Skills:
 + Level 13.4 Fighting
 + Level 13.1 Maces & Flails
 + Level 13.4 Armour
 + Level 9.2 Dodging
 + Level 13.2 Shields
 + Level 6.3 Invocations
 - Level 5.0 Evocations


You had 12 spell levels left.
You didn't know any spells.
Your spell library contained the following spells:

 Spells                   Type           Power      Damage    Failure   Level
 Magic Dart               Conj           0%         1d3       94%         1
 Sandblast                Erth           0%         2d4       94%         1
 Slow                     Hex            0%         N/A       94%         1
 Sting                    Conj/Alch      0%         1d3       94%         1
 Blink                    Tloc           0%         N/A       98%         2
 Call Imp                 Summ           0%         N/A       98%         2
 Ensorcelled Hibernation  Hex/Ice        0%         N/A       98%         2
 Mercury Vapours          Alch/Air       0%         N/A       98%         2
 Confusing Touch          Hex            0%         N/A       100%        3
 Frozen Ramparts          Ice            0%         1d1       100%        3
 Fugue of the Fallen      Necr           0%         N/A       100%        3
 Ozocubu's Armour         Ice            0%         N/A       100%        3
 Passwall                 Erth           0%         N/A       100%        3
 Sigil of Binding         Hex            0%         N/A       100%        3
 Stone Arrow              Conj/Erth      0%         3d7       100%        3
 Swiftness                Air            0%         N/A       100%        3
 Vampiric Draining        Necr           0%         2d6       100%        3
 Brom's Barrelling Bould  Conj/Erth      0%         2d3       100%        4
 Leda's Liquefaction      Alch/Erth      0%         N/A       100%        4
 Manifold Assault         Tloc           0%         N/A       100%        4
 Olgreb's Toxic Radiance  Alch           0%         N/A       100%        4
 Petrify                  Alch/Erth      0%         N/A       100%        4
 Metabolic Englaciation   Hex/Ice        0%         N/A       100%        5
 Summon Forest            Summ/Tloc      0%         N/A       100%        5
 Summon Mana Viper        Hex/Summ       0%         N/A       100%        5
 Summon Cactus Giant      Summ           0%         N/A       100%        6


Dungeon Overview and Level Annotations

Branches:
Dungeon (10/15)            Temple (1/1) D:4            Lair (5/5) D:8
  Swamp (0/4) Lair:2        Snake (0/4) Lair:2          Orc (0/2) D:10
 Bailey (visited)
  Slime: Lair:4-5

Altars:
Ashenzari
Cheibriados
Dithmenos
Elyvilon
Fedhas
Gozag
Hepliaklqana
Kikubaaqudgha
Makhleb
Nemelex Xobeh
Okawaru
Qazlal
Ru
Sif Muna
Trog
Uskayaw
Vehumet
Wu Jian
Xom
Yredelemnul
Zin
The Shining One

Shops:
D:9 ?

Annotations:
D:9 2 transporters, exclusion: orange crystal statue
Lair:5 Rupert


Innate Abilities, Weirdness & Mutations

You have a pair of horns on your head.
You reflexively headbutt those who attack you in melee.


Message History

Rupert hits you with a +2 vampiric battleaxe.
Rupert hits you but does no damage.
You feel less confused. Rupert attacks as he pursues you!
You block Rupert's attack. Rupert hits you but does no damage.
You barely miss Rupert. You headbutt Rupert!!
Rupert is heavily wounded.
You block Rupert's attack.
You barely miss Rupert.
Rupert is heavily wounded.
Rupert hits you with a +2 vampiric battleaxe!
Rupert draws strength from your wounds!
You hit Rupert. You freeze Rupert.
Rupert is heavily wounded.
Rupert closely misses you.
You bludgeon Rupert!! You freeze Rupert!
Rupert is severely wounded.
Rupert hits you with a +2 vampiric battleaxe!!
Rupert draws strength from your wounds!
You barely miss Rupert. Your headbutt misses Rupert.
Rupert is severely wounded.
Rupert barely misses you.
You sock Rupert! You freeze Rupert. You headbutt Rupert!!
Rupert is almost dead.
You block Rupert's attack.
You hit Rupert. You freeze Rupert.
Rupert is almost dead.
Rupert hits you with a +2 vampiric battleaxe!!
Rupert draws strength from your wounds!
You barely miss Rupert.
Rupert is almost dead.
Rupert hits you with a +2 vampiric battleaxe!!!
* * * LOW HITPOINT WARNING * * *
Rupert draws strength from your wounds!
You barely miss Rupert. You headbutt Rupert, but do no damage.
Rupert is severely wounded.
Rupert barely misses you.
Rupert hits you with a +2 vampiric battleaxe!!!
You die...
Rupert roars with triumph.

...........
..P.....P#### # ....#
....#(#.. ## ###..P
....###... #P ##...##
...P##...P ## ###...#
### P...#####.. #
.##..## #.####.....# #.
##P..P## ####.#P#PPP..P#
#..
#.P....###.....@@.P.....
.....
........................
.....
..##..#.####..#..#..#PP.
#..#PP #########
#.######## # ###### ###


You could see Rupert (berserk).

Vanquished Creatures
  Gastronok (Lair:2)
  Snorg (Lair:3)
  An alligator (Lair:2)
  3 skysharks
  A goliath frog (Lair:5)
  Pikel (D:6)
  An ugly thing (D:9)
  21 elephants
  7 black mambas
  16 cane toads
  A torpor snail (Lair:1)
  4 komodo dragons
  4 rime drakes
  2 kobold demonologists
  A tyrant leech (Lair:4)
  2 trolls (D:10)
  2 polar bears (D:8)
  A hornet (D:10)
  27 blink frogs
  31 yaks
  Grum (D:9)
  2 wyverns
  4 basilisks (Lair:2)
  8 vampire mosquitoes
  2 steam dragons
  5 nagas (Lair:2)
  7 water moccasins
  8 orc warriors
  7 ice beasts
  5 black bears
  28 wolves
  2 centaurs (D:8)
  3 lemures (D:6)
  14 kobold brigands
  2 phantoms (D:6)
  18 bullfrogs
  A scorpion (D:5)
  4 wights (D:7)
  A burial acolyte (D:7)
  9 killer bees
  2 howler monkeys
  4 hounds
  A wyvern simulacrum (D:8)
  A bombardier beetle (D:6)
  2 jellies (D:4)
  A gnoll bouda (D:4)
  3 orc priests
  Jessica (D:2)
  2 iguanas (D:5)
  Ijyb (D:5)
  8 orc wizards
  7 hell rats (Lair:4)
  11 gnolls
  5 adders
  2 shadow imps (D:6)
  7 white imps
  A howler monkey simulacrum (D:8)
  An ufetubus (D:8)
  3 adder zombies (D:7)
  5 dart slugs (D:1)
  2 ribbon worms
  14 orcs
  11 bats
  8 endoplasms
  4 giant cockroaches
  15 goblins
  8 hobgoblins
  6 jackals
  2 quokkas (D:2)
  8 ball pythons
  8 frilled lizards
  2 jackal zombies (D:7)
  28 kobolds
  6 rats
449 creatures vanquished.

Notes
Turn   | Place    | Note
-------+----------+-------------------------------------------
     0 | D:1      | PhantomBowie the Minotaur Fighter began the quest for the
                  | Orb.
     0 | D:1      | Reached XP level 1. HP: 19/19 MP: 0/0
   113 | D:1      | Reached XP level 2. HP: 23/27 MP: 1/1
   396 | D:1      | Reached XP level 3. HP: 33/33 MP: 2/2
  1031 | D:2      | Noticed Jessica
  1040 | D:2      | Killed Jessica
  1041 | D:2      | Reached XP level 4. HP: 29/41 MP: 3/3
  1285 | D:2      | Found a faded altar of an unknown god.
  2482 | D:4      | Found a staircase to the Ecumenical Temple.
  2491 | D:4      | Reached XP level 5. HP: 28/47 MP: 4/4
  2770 | D:4      | Reached skill level 5 in Fighting
  2889 | D:4      | Reached skill level 5 in Armour
  2889 | D:4      | Reached skill level 5 in Shields
  2953 | D:4      | Reached XP level 6. HP: 55/56 MP: 5/5
  3086 | D:4      | Identified the +8 dagger of Tokuesh {antimagic, Will+
                  | Dex+6}
  3193 | Temple   | Entered the Ecumenical Temple
  3252 | Temple   | Became a worshipper of the Shining One
  3357 | D:4      | Noticed a water moccasin
  3370 | D:4      | Killed a water moccasin
  3680 | D:5      | Entered Level 5 of the Dungeon
  3733 | D:5      | Noticed an ice beast
  3747 | D:5      | Reached skill level 5 in Maces & Flails
  3747 | D:5      | Reached XP level 7. HP: 35/62 MP: 6/6
  3748 | D:5      | Noticed Ijyb
  3764 | D:5      | HP: 2/63 [Ijyb/bolt of acid (15)]
  3772 | D:5      | Killed Ijyb
  3986 | D:5      | Found an ornate altar of the Wu Jian Council.
  3988 | D:5      | Found a snail-covered altar of Cheibriados.
  4172 | D:5      | Found a sacrificial altar of Ru.
  4367 | D:5      | Reached skill level 1 in Evocations
  4734 | D:6      | Noticed Pikel
  4754 | D:6      | Killed Pikel
  4755 | D:6      | Reached XP level 8. HP: 41/73 MP: 7/7
  4770 | D:6      | Reached * piety under the Shining One
  5715 | D:7      | Found a stormy altar of Qazlal.
  5807 | D:7      | Found an ancient bone altar of Kikubaaqudgha.
  5825 | D:7      | Reached ** piety under the Shining One
  5843 | D:7      | Reached XP level 9. HP: 49/80 MP: 8/8
  6809 | D:8      | Found a sparkling altar of Nemelex Xobeh.
  6898 | D:8      | Found a staircase to the Lair.
  6898 | D:8      | Noticed a rime drake
  6898 | D:8      | Noticed a polar bear
  6910 | D:8      | Killed a polar bear
  6913 | D:8      | HP: 3/82 [rime drake (6)]
  6914 | D:8      | Killed a rime drake
  7264 | D:8      | Reached XP level 10. HP: 77/90 MP: 9/9
  7561 | D:8      | Reached *** piety under the Shining One
  7670 | D:8      | Found a glowing silver altar of Zin.
  8019 | D:9      | Noticed a boulder beetle
  8020 | D:9      | Found a transporter.
  8020 | D:9      | Noticed an orange crystal statue
  8021 | D:9      | Noticed a manticore
  8022 | D:9      | Noticed a cyan ugly thing
  8023 | D:9      | Noticed a deep elf pyromancer
  8023 | D:9      | Noticed a cyclops
  8023 | D:9      | Noticed a green ugly thing
  8024 | D:9      | Noticed a boulder beetle
  8025 | D:9      | Found a transporter.
  8037 | D:9      | Reached skill level 5 in Evocations
  8089 | D:9      | Noticed a brown ugly thing
  8212 | D:9      | Found Gixez's Magic Scroll Shop.
  8217 | D:9      | Bought a scroll of identify for 30 gold pieces
  8217 | D:9      | Bought a scroll of blinking for 112 gold pieces
  8217 | D:9      | Bought a scroll of identify for 30 gold pieces
  8217 | D:9      | Bought a scroll of teleportation for 45 gold pieces
  8217 | D:9      | Bought a scroll of identify for 30 gold pieces
  8217 | D:9      | Bought a scroll of identify for 30 gold pieces
  8231 | D:9      | Reached skill level 1 in Dodging
  8260 | D:9      | Noticed Grum
  8280 | D:9      | Killed Grum
  8512 | D:9      | Killed a brown ugly thing
  8689 | D:9      | Found the +7 Throatcutter {drain, coup de grace}
  8713 | D:9      | Reached skill level 10 in Fighting
  9096 | D:10     | Entered Level 10 of the Dungeon
  9104 | D:9      | Reached skill level 10 in Armour
  9186 | D:10     | Reached **** piety under the Shining One
  9191 | D:10     | Reached skill level 10 in Shields
  9198 | D:10     | Found a hide-covered altar of Uskayaw.
  9388 | D:10     | Reached XP level 11. HP: 73/99 MP: 10/10
  9547 | D:10     | Found a flagged portal.
  9571 | D:10     | Reached skill level 10 in Maces & Flails
  9671 | Bailey   | Entered a bailey
 10035 | Bailey   | The Shining One protects you from harm!
 10303 | D:10     | Found a staircase to the Orcish Mines.
 11160 | Lair:1   | Entered Level 1 of the Lair of Beasts
 11168 | Lair:1   | Reached skill level 5 in Dodging
 11615 | Lair:1   | Reached skill level 1 in Invocations
 12112 | Lair:1   | Reached XP level 12. HP: 58/110 MP: 12/12
 12803 | Lair:2   | Reached ***** piety under the Shining One
 12940 | Lair:2   | Noticed Gastronok
 12968 | Lair:2   | Killed Gastronok
 14033 | Lair:2   | Found a staircase to the Swamp.
 14033 | Lair:2   | Noticed an alligator
 14055 | Lair:2   | Killed an alligator
 14470 | Lair:2   | Found a staircase to the Snake Pit.
 14722 | Lair:3   | Reached XP level 13. HP: 119/119 MP: 15/15
 15101 | Lair:3   | Noticed Snorg
 15138 | Lair:3   | Killed Snorg
 15401 | Lair:3   | Reached skill level 5 in Invocations
 17037 | Lair:5   | Entered Level 5 of the Lair of Beasts
 18921 | Lair:5   | Noticed Rupert
 18944 | Lair:5   | Demolished by Rupert

Illustrated notes

Levels and vault maps discovered:
D:1:      dpeg_arrival_simpleton_a, layout_loops_corners,
          kennysheep_small_spiral
D:2:      cheibrodos_greedy_goblins, layout_loops_ring,
          shapermc_ecumenical_altar_gd, uniq_jessica
D:3:      layout_loops_ring, minmay_misc_feat_roman
D:4:      layout_basic, minmay_temple_entry_mini_moons,
          kennysheep_generic_room_15
D:5:      layout_basic, kennysheep_mini_moat, grunt_temple_overflow_open,
          uniq_ijyb
D:6:      layout_loops_ring, uniq_pikel
D:7:      layout_basic, lemuel_tele_altar, lemuel_zombie_altar_kikubaaqudgha,
          grunt_decor_junction
D:8:      layout_gridville, lemuel_doored_altar, old_standard_altar,
          hellmonk_lair_entry_icy, serial_ice, serial_ice_n, serial_ice_f,
          serial_ice_g, serial_ice_k, serial_ice_o, serial_ice_e, serial_ice_m,
          serial_ice_c, serial_ice_b, serial_ice_h
D:9:      gammafunk_sealed_arena, layout_basic, serial_shops,
          nicolae_shop_hallway_stairs, dilly_guarded_unrand_throatcut, uniq_grum
D:10:     layout_stronghold, nicolae_uskayaw_murder_on_the_dancefloor,
          orc_0_dummy, enter_bailey_5, minmay_misc_feat_room,
          hangedman_decor_opposing
Temple:   zaba_magenta_temple
Lair:1:   layout_regular_city, serial_bayou_lagoon_a
Lair:2:   layout_regular_city, mainiacjoe_swamp_entry_lozenge_pond,
          minmay_snake_entry_guardpost_medium, minivault_26, roderic_batcave,
          lemuel_fruit_tree, uniq_gastronok
Lair:3:   layout_regular_city, beast_lair_carwin_1, uniq_snorg
Lair:4:   layout_regular_city, infiniplex_staircase_pool
Lair:5:   minmay_lair_end_frog_pond, layout_small_grid, slime_entry_2,
          serial_bayou_shore_b, uniq_rupert

Skill      XL: |  1  2  3  4  5  6  7  8  9 10 11 12 13 |
---------------+----------------------------------------+-----
Fighting       | 4 5 7 8 10 11 12 13 | 13.4
Armour         | 4 5 7 8 10 11 12 13 | 13.4
Shields        | 4 5 7 8 10 11 12 13 | 13.2
Maces & Flails | 3 4 5 6 7 8 9 11 12 13 | 13.1
Evocations     | 2 3 4 5 |  5.0
Dodging        | 3 6 7 9 |  9.2
Invocations    | 1 4 6 |  6.3

Action                     |  1- 3 |  4- 6 |  7- 9 | 10-12 | 13-15 || total
---------------------------+-------+-------+-------+-------+-------++-------
  Melee: Flail             |    73 |   164 |   243 |   612 |   355 ||  1447
         Headbutt          |     9 |    30 |    54 |   163 |    96 ||   352
  Evoke: Wand              |       |       |       |     2 |     4 ||     6
    Use: Scroll            |       |       |     5 |     8 |       ||    13
 Armour: Scale mail        |    43 |    84 |    15 |       |       ||   142
         Chain mail        |       |       |   153 |   171 |       ||   324
         Plate armour      |       |       |       |   243 |   278 ||   521
  Dodge: Dodged            |    30 |    57 |    73 |   222 |   149 ||   531
  Block: Buckler           |    15 |    27 |    48 |   179 |   112 ||   381
